 Dungeon Crawl Stone Soup version 0.29.1-1-gd02db69 (webtiles) character file.

Game seed: 9665748424242411593

2662 Kel the Cleaver (level 9, -4/51 HPs)
             Began as a Gargoyle Berserker on Nov 25, 2022.
             Was an Elder of Trog.
             Slain by an orc warrior
             ... wielding a +0 trident
              (11 damage)
             ... on level 8 of the Dungeon.
             The game lasted 00:13:08 (8895 turns).

Kel the Cleaver (Gargoyle Berserker)                Turns: 8895, Time: 00:13:08

Health: -4/51      AC: 15    Str: 25    XL:     9   Next: 63%
Magic:  9/9        EV: 11    Int:  8    God:    Trog [****..]
Gold:   400        SH:  0    Dex:  9    Spells: 8/8 levels left

rFire   . . .      SeeInvis .   v - +0 battleaxe
rCold   . . .      Faith    .   (shield currently unavailable)
rNeg    + . .      Spirit   .   c - +0 ring mail
rPois   ∞          Reflect  .   d - +0 helmet
rElec   +          Harm     .   a - +0 cloak {rPois}
rCorr   .          Rampage  .   h - +0 pair of gloves
Will    .....                   (no boots)
Stlth   ..........              (no amulet)
HPRegen 0.17/turn               (no ring)
MPRegen 0.11/turn               (no ring)

@: no status effects
A: sickness immunity, AC +6, negative energy resistance 1, electricity
resistance, torment resistance 1, petrification resistance
a: Renounce Religion, Berserk, Trog's Hand, Brothers in Arms


You were on level 8 of the Dungeon.
You worshipped Trog.
Trog was greatly pleased with you.
You visited 1 branch of the dungeon, and saw 8 of its levels.

You collected 400 gold pieces.

Inventory:

Hand Weapons
 v - a +0 battleaxe (weapon)
Missiles
 e - a throwing net (quivered)
Armour
 a - a +0 cloak of poison resistance (worn)
 c - a +0 ring mail (worn)
 d - a +0 helmet (worn)
 h - a +0 pair of gloves (worn)
Wands
 t - a wand of quicksilver (11)
Scrolls
 b - 4 scrolls of identify {unknown}
 g - 2 scrolls of enchant armour {unknown}
 j - 6 scrolls of teleportation {unknown}
 m - 3 scrolls of magic mapping {unknown}
 n - a scroll of silence {unknown}
 o - a scroll of poison {unknown}
 r - 2 scrolls of blinking {unknown}
 s - a scroll of vulnerability {unknown}
 w - a scroll of immolation {unknown}
 x - 3 scrolls of enchant weapon {unknown}
 A - a scroll of fear {unknown}
Potions
 f - a potion of flight {unknown}
 i - 3 potions of curing {unknown}
 k - 2 potions of invisibility {unknown}
 l - 2 potions of resistance {unknown}
 p - a potion of heal wounds {unknown}
 q - 3 potions of lignification {unknown}
 u - 3 potions of mutation {unknown}
 z - a potion of haste {unknown}
 B - a potion of ambrosia {unknown}
 C - a potion of might {unknown}


   Skills:
 - Level 3.2 Fighting
 + Level 12.0 Axes
 - Level 2.1 Armour
 - Level 1.5 Dodging


You had 8 spell levels left.
You didn't know any spells.
Your spell library was empty.

Dungeon Overview and Level Annotations

Branches:
Dungeon (8/15)             Temple (0/1) D:4
   Lair: D:8-11

Altars:
Elyvilon
Uskayaw

Shops:
D:1 *   D:3 ?

Annotations:
D:7 3 runed translucent doors, yeetiebeetie's ghost, novice GrFi


Innate Abilities, Weirdness & Mutations

You are immune to sickness and miasma.
Your stone body is resilient. (AC +6)
You are immune to poison.
You resist negative energy. (rN+)
You are resistant to electric shocks. (rElec)
You are resistant to unholy torment.
You are immune to petrification.


Message History

The orc warrior is heavily wounded.
The orc warrior hits you with a +0 trident!
You closely miss the orc warrior.
The orc warrior is heavily wounded.
The orc warrior hits you but does no damage.
You completely miss the orc warrior.
The orc warrior is heavily wounded.
The orc warrior hits you with a +0 trident!
You are too injured to fight recklessly!
You are too injured to fight recklessly!
You are too injured to fight recklessly!
You closely miss the orc warrior.
The orc warrior is heavily wounded.
The orc warrior hits you with a +0 trident.
You closely miss the orc warrior.
The orc warrior is heavily wounded.
The orc warrior hits you with a +0 trident.
You barely miss the orc warrior.
The orc warrior is heavily wounded.
The orc warrior hits you with a +0 trident.
You closely miss the orc warrior.
The orc warrior is heavily wounded.
The orc warrior hits you with a +0 trident.
* * * LOW HITPOINT WARNING * * *
You closely miss the orc warrior.
The orc warrior is heavily wounded.
The orc warrior closely misses you.
You slash the orc warrior!
The orc warrior is almost dead.
The orc warrior hits you with a +0 trident.
* * * LOW HITPOINT WARNING * * *
You hit the orc warrior but do no damage.
The orc warrior is almost dead.
The orc warrior hits you with a +0 trident.
* * * LOW HITPOINT WARNING * * *
The orc warrior closely misses you.
You closely miss the orc warrior.
The orc warrior is almost dead.
The orc warrior hits you with a +0 trident!
You die...

#.....#.....#
##.............
#....###.###....
##..## ##.#
#..... #..## #.#
#.... ##.## .#
###. ##..# #
#...## #...@#
##..#o.# ##.#..#
#.##.# ... ##
... ..## ..


You could see an orc warrior.

Vanquished Creatures
  A troll (D:8)
  A wyvern (D:6)
  A water moccasin (D:8)
  A sky beast (D:7)
  2 ice beasts
  2 ogres (D:5)
  A phantom (D:6)
  2 kobold brigands (D:7)
  3 bullfrogs
  A necrophage (D:5)
  3 scorpions
  9 wights
  4 hounds (D:4)
  4 orc priests
  2 jellies
  Crazy Yiuf (D:2)
  2 iguanas
  3 orc wizards
  Robin (D:2)
  3 adders
  A white imp (D:6)
  3 ufetubi
  A worm (D:3)
  3 dart slugs (D:2)
  19 orcs
  8 endoplasms
  7 giant cockroaches
  13 goblins
  11 hobgoblins
  4 jackals
  3 quokkas
  12 ball pythons
  4 bats
  3 frilled lizards (D:1)
  17 kobolds
  7 rats
163 creatures vanquished.

Notes
Turn   | Place    | Note
-------+----------+-------------------------------------------
     0 | D:1      | Kel the Gargoyle Berserker began the quest for the Orb.
     0 | D:1      | Reached XP level 1. HP: 14/14 MP: 1/1
   183 | D:1      | Reached skill level 3 in Axes
   328 | D:1      | Reached XP level 2. HP: 19/19 MP: 2/2
   765 | D:1      | Found Uttef's Assorted Antiques.
   777 | D:1      | Reached XP level 3. HP: 22/23 MP: 3/3
  1225 | D:2      | Reached skill level 4 in Axes
  1301 | D:2      | Found a faded altar of an unknown god.
  1374 | D:2      | Reached ** piety under Trog
  1385 | D:2      | Noticed Robin
  1390 | D:2      | Killed Robin
  1391 | D:2      | Reached XP level 4. HP: 28/28 MP: 4/4
  1461 | D:2      | Found a runed translucent door.
  1462 | D:2      | Noticed Crazy Yiuf
  1950 | D:2      | Killed Crazy Yiuf
  1951 | D:2      | Reached skill level 5 in Axes
  2142 | D:3      | Reached XP level 5. HP: 32/32 MP: 5/5
  2585 | D:3      | Found Lauloys Deic's Magic Scroll Shoppe.
  3147 | D:4      | Reached *** piety under Trog
  3148 | D:4      | Reached skill level 6 in Axes
  3148 | D:4      | Reached XP level 6. HP: 37/37 MP: 6/6
  3484 | D:4      | Found a staircase to the Ecumenical Temple.
  3516 | D:4      | Found a hide-covered altar of Uskayaw.
  4345 | D:5      | Entered Level 5 of the Dungeon
  4356 | D:5      | Reached skill level 7 in Axes
  4356 | D:5      | Reached XP level 7. HP: 24/41 MP: 7/7
  5015 | D:5      | Reached skill level 8 in Axes
  5509 | D:5      | Found a white marble altar of Elyvilon.
  5642 | D:6      | Reached XP level 8. HP: 46/46 MP: 8/8
  6048 | D:6      | Reached skill level 9 in Axes
  6684 | D:6      | You fall into a shaft and drop 1 floor!
  6972 | D:7      | Found a runed translucent gate.
  6972 | D:7      | Found a runed translucent gate.
  6972 | D:7      | Found a runed translucent gate.
  6973 | D:7      | Noticed yeetiebeetie's ghost (novice GrFi)
  6973 | D:7      | Noticed a spectral unseen horror
  6973 | D:7      | Noticed a spectral unseen horror
  7130 | D:7      | Noticed a wyvern
  7138 | D:6      | Killed a wyvern
  7139 | D:6      | Reached skill level 10 in Axes
  7443 | D:7      | Reached XP level 9. HP: 44/51 MP: 9/9
  7610 | D:7      | Reached skill level 11 in Axes
  8154 | D:7      | Reached **** piety under Trog
  8673 | D:8      | Noticed a troll
  8682 | D:8      | Killed a troll
  8696 | D:8      | Reached skill level 12 in Axes
  8895 | D:8      | Slain by an orc warrior

Illustrated notes

Levels and vault maps discovered:
D:1:      dpeg_arrival_erosion, layout_loops_cross, serial_shops, shop_fountains
D:2:      layout_basic, ebering_ecumenical_altar_hall, uniq_robin,
          uniq_crazy_yiuf_cottage
D:3:      layout_basic, serial_shops, shop
D:4:      layout_loops_corners, mainiacjoe_overflow_boulevard,
          minmay_temple_entry_junction, serial_forest,
          infiniplex_forest_clump_large, infiniplex_forest_end_1,
          infiniplex_forest_end_2, infiniplex_forest_straight_5,
          infiniplex_forest_clump_medium, infiniplex_forest_end_1,
          infiniplex_forest_end_2, infiniplex_forest_end_3,
          grunt_decor_mini_mirrors, kennysheep_generic_room_6
D:5:      layout_basic, kennysheep_mini
D:6:      layout_gridville, minmay_holes
D:7:      layout_layer_cave, gammafunk_ghost_necromancy, chequers_mini_garden,
          kennysheep_generic_room_12
D:8:      minmay_the_grid_octo_tiled_octocenter
          [minmay_the_grid_octo_thin_diamonds,
          minmay_the_grid_octo_checkerflower, minmay_the_grid_octo_toaster,
          minmay_the_grid_octo_odd_swirl,
          minmay_the_grid_octo_prize_ultimate_mussel_roller,
          minmay_the_grid_square_5x5_checkered_statues,
          minmay_the_grid_square_5x5_fat_x, minmay_the_grid_square_5x5_shuriken,
          minmay_the_grid_square_5x5_bracketed], layout_cave_pools, bloody_trog,
          kiku_gazebo_pond_becter, dk_yredelemnul_ordeal, david_lair_shrubbed,
          kennysheep_diamond, hellmonk_guarded_unrand_zhor, uniq_joseph

Skill      XL: |  1  2  3  4  5  6  7  8  9 |
---------------+----------------------------+-----
Axes           | 3 4 5 6 7 8 10 12 | 12.0
Fighting       | |  3.2
Armour         | |  2.1
Dodging        | |  1.5

Action                   |  1- 3 |  4- 6 |  7- 9 || total
-------------------------+-------+-------+-------++-------
Melee: Hand axe          |   115 |   128 |   204 ||   447
       Punch             |       |     1 |     1 ||     2
       Battleaxe         |       |       |    54 ||    54
Invok: Berserk           |       |       |     2 ||     2
Armor: Ring mail         |    63 |    53 |   107 ||   223
Dodge: Dodged            |    71 |    60 |   146 ||   277
